 Dungeon Crawl Stone Soup version 0.29-a0-824-gd827844252 (webtiles) character file.

Game seed: 9438877354163670191

9 flotson the Sneak (level 2, -2/24 HPs)
             Began as a Demonspawn Delver on July 9, 2022.
             Slain by an orc
             ... wielding a +0 morningstar
              (4 damage)
             ... on level 3 of the Dungeon.
             The game lasted 00:01:34 (467 turns).

flotson the Sneak (Demonspawn Delver)                Turns: 467, Time: 00:01:35

Health: -2/24      AC:  5    Str: 12    XL:     2   Next: 3%
Magic:  2/2        EV: 10    Int: 11    God:
Gold:   0          SH:  0    Dex: 14    Spells: 1/1 levels left

rFire   . . .      SeeInvis .   a - +0 spear
rCold   . . .      Faith    .   (no shield)
rNeg    . . .      Spirit   .   j - +0 ring mail
rPois   .          Reflect  .   (no helmet)
rElec   .          Harm     .   (no cloak)
rCorr   .          Rampage  .   (no gloves)
Will    .....                   (no boots)
Stlth   ++........              (no amulet)
HPRegen 0.08/turn               (no ring)
MPRegen 0.08/turn               (no ring)

@: brilliant, hasted, very quick
A: foul stench 1
a: no special abilities


You were on level 3 of the Dungeon.
You visited 1 branch of the dungeon, and saw 3 of its levels.

Inventory:

Hand Weapons
 a - a +0 spear (weapon)
Armour
 j - a +0 ring mail (worn)
Wands
 d - a wand of flame (15)
 g - a wand of digging (3)
Scrolls
 b - a scroll of poison {unknown}
 c - a scroll of fog
 h - a scroll of enchant armour {unknown}


   Skills:
 + Level 3.1 Fighting
 + Level 0.4(1.2) Axes
 - Level 1.7(1.8) Polearms
 + Level 0.4 Armour
 + Level 1.9 Dodging
 - Level 4.5 Stealth
 + Level 0.4 Evocations


You had one spell level left.
You didn't know any spells.
Your spell library was empty.

Dungeon Overview and Level Annotations

Branches:
Dungeon (5/15)             Temple (0/1) D:5

Altars:

Annotations:
D:5 Dowan, Duvessa


Innate Abilities, Weirdness & Mutations

You may rarely emit foul miasma when damaged in melee.


Message History

The hobgoblin hits you.
* * * LOW HITPOINT WARNING * * *
The orc jeers loudly.
You feel yourself speed up. The hobgoblin hits you.
* * * LOW HITPOINT WARNING * * *
You hit the hobgoblin.
You kill the hobgoblin!
It was a potion of brilliance.
You feel clever all of a sudden.
The quokka bites you but does no damage.
You miss the quokka. The quokka barely misses you.
You hit the quokka.
The quokka is heavily wounded.
An endoplasm and a hobgoblin come into view.
You closely miss the quokka.
The quokka is heavily wounded.
The quokka barely misses you.
You miss the quokka.
The quokka is heavily wounded.
The quokka barely misses you.
You closely miss the quokka.
The quokka is heavily wounded.
The quokka closely misses you.
You hit the quokka.
The quokka is severely wounded.
The quokka bites you but does no damage.
You hit the quokka.
You kill the quokka!
You have reached level 2!
Your demonic ancestry asserts itself...
You begin to emit a foul stench of rot and decay.
The orc hits you but does no damage.
You see here a quokka corpse.
You barely miss the orc. The orc misses you.
You hit the orc.
The orc is moderately wounded.
You hit the orc but do no damage.
The orc is moderately wounded.
The orc hits you with a +0 morningstar.
You die...

#.##?...# ^....
#.......# .....
#.......##..... ##
###.............. .g
................. #J
#...#........... #.
#...............
#.###.......>.......
#..@o...............
#####.............##
#.............#
###....###......
#......# ......
#.....[.........
#.......(.......
#..............
#...........


You could see an orc.

Vanquished Creatures
  An orc (D:4)
  An endoplasm (D:3)
  3 hobgoblins
  A quokka (D:3)
6 creatures vanquished.

Notes
Turn   | Place    | Note
-------+----------+-------------------------------------------
     0 | D:5      | flotson the Demonspawn Delver began the quest for the Orb.
     0 | D:5      | Reached XP level 1. HP: 18/18 MP: 1/1
     5 | D:5      | Noticed an orc wizard
     9 | D:5      | Noticed Dowan
    20 | D:5      | Noticed Duvessa
   206 | D:4      | Noticed an iguana
   464 | D:3      | Gained mutation: You may rarely emit foul miasma when
                  | damaged in melee. [demonic ancestry]
   464 | D:3      | Reached XP level 2. HP: 2/24 MP: 2/2
   467 | D:3      | Slain by an orc

Illustrated notes

Levels and vault maps discovered:
D:3:      layout_basic, serial_shops, nicolae_lakefront_shop,
          serial_park_tiny_pond
D:4:      layout_basic
D:5:      layout_loops_ring, mainiacjoe_overflow_alcove_2,
          nicolae_overflow_hidden_temple, minmay_temple_entry_stoned_glass,
          uniq_duvessa

Action                   || total
-------------------------++-------
Melee: Spear             ||    31
  Use: Scroll            ||     2
       Potion            ||     2
 Stab: Distracted        ||     1
Armor: Ring mail         ||     5
       Leather armour    ||     2
Dodge: Dodged            ||    17

Table legend: (Time is in decaauts)
 A = Elapsed time spent in this place.
 B = Non-inter-level travel time spent in this place.
 C = Inter-level travel time spent in this place.
 D = Time resting spent in this place.
 E = Time spent auto-exploring this place.
 F = Levels seen in this place.
 G = Mean time per level.
                   A        B        C        D        E       F      G
               +--------+--------+--------+--------+--------+-----+--------+
         Total |    462 |    462 |      0 |      0 |    284 |   3 |  154.0 |
       Dungeon |    462 |    462 |      0 |      0 |    284 |   3 |  154.0 |
               +--------+--------+--------+--------+--------+-----+--------+

Top non-repeatable levels by time:
     D:4: 412 daAuts
     D:3: 26 daAuts
     D:5: 24 daAuts
